 Dungeon Sprint DCSS version 0.30-a0-824-g6c64550be9 (webtiles) character file.

Game seed: 10193250536778693092

25 rocky1 the Covert (level 3, -17/33 HPs)
             Began as a Naga Brigand on Feb 28, 2023.
             Demolished by an ogre
             ... wielding a +0 giant club
              (28 damage)
             ... in the Dungeon (Sprint I: "Red Sonja").
             The game lasted 00:00:13 (18 turns).

rocky1 the Covert (Naga Brigand)                      Turns: 18, Time: 00:00:14

Health: -17/33     AC:  3    Str: 15    XL:     3   Next: 4%
Magic:  3/3        EV:  9    Int: 11    God:
Gold:   0          SH:  0    Dex: 12    Spells: 2/2 levels left

rFire   . . .      SeeInvis +    a - +2 dagger
rCold   . . .      Faith    .    (no shield)
rNeg    . . .      Spirit   .    b - +0 robe
rPois   +          Reflect  .    (no helmet)
rElec   .          Harm     .    c - +0 cloak
rCorr   .          Rampage  .    (no gloves)
Will    .....      NoTele   +    (no barding)
Stlth   ++++                     (no amulet)
HPRegen 0.25/turn                (no ring)
MPRegen 0.08/turn                (no ring)

@: very slow
A: AC +1, large, see invisible, deformed body, poison resistance, slowness 2,
spit poison 1, naga tail 1
a: Spit Poison


You were in the Dungeon.
You visited 1 branch

Inventory:

Hand Weapons
 a - a +2 dagger (weapon)
Missiles
 d - 9 poisoned darts (quivered)
 e - 3 curare-tipped darts
Armour
 b - a +0 robe (worn)
 c - a +0 cloak (worn)
Wands
 l - a wand of charming (7)
Scrolls
 k - a scroll of blinking
Potions
 f - 2 potions of curing
 g - a potion of heal wounds
 h - a potion of haste
 i - 2 potions of magic
 j - a potion of berserk rage


   Skills:
 + Level 2.6 Fighting
 + Level 2.7 Short Blades
 + Level 2.2 Throwing
 + Level 0.8 Dodging
 + Level 9.5 Stealth


You had 2 spell levels left.
You didn't know any spells.
Your spell library was empty.

Dungeon Overview and Level Annotations

Branches:
Dungeon (1/1)

Altars:


Innate Abilities, Weirdness & Mutations

Your serpentine skin is tough. (AC +1)
You have supernaturally acute eyesight. (SInv)
Armour fits poorly on your strangely shaped body.
Your system is resistant to poisons. (rPois)
You cover ground very slowly.
You can spit poison.
You have a snake-like lower body.


Message History

Your Throwing skill increases to level 2!
Your Stealth skill gained 4 levels and is now at level 9!
You have reached level 2!
You have reached level 3!
Your experience leads to an increase in your attributes!
Increase (S)trength, (I)ntelligence, or (D)exterity?
You feel stronger. x2; Your skin feels tougher.
l - a wand of charming (7);
f - 2 potions of curing (gained 1)
Things that are here:
a +0 dagger; a +0 chain mail You open the door.
An ogre comes into view. It is wielding a +0 giant club.
The ogre shouts!
There is an open door here.
You hit the ogre.
The ogre is moderately wounded.
The ogre hits you with a +0 giant club!
You hit the ogre but do no damage.
The ogre is moderately wounded.
The ogre closely misses you.
You hit the ogre.
The ogre is moderately wounded.
You hit the ogre.
The ogre is heavily wounded.
The ogre completely misses you.
You barely miss the ogre.
The ogre is heavily wounded.
You hit the ogre.
The ogre is heavily wounded.
The ogre barely misses you.
You completely miss the ogre.
The ogre is heavily wounded.
You hit the ogre but do no damage.
The ogre is heavily wounded.
The ogre hits you with a +0 giant club!
You closely miss the ogre.
The ogre is heavily wounded.
The ogre hits you with a +0 giant club!!
Ouch! That really hurt!
You die...

##########
#<.#.)@O.#
#..'..#..+
#..#####+#
#..# #..#
#..# #⌠⌠#
####


You could see an ogre.

Vanquished Creatures
  Ijyb (D)
1 creature vanquished.

Notes
Turn   | Place    | Note
-------+----------+-------------------------------------------
     0 | D        | rocky1 the Naga Brigand began the quest for the Orb.
     0 | D        | Reached XP level 1. HP: 19/19 MP: 1/1
     1 | D        | Noticed Ijyb
     4 | D        | Killed Ijyb
     5 | D        | Reached skill level 9 in Stealth
     5 | D        | Reached XP level 2. HP: 27/27 MP: 2/2
     5 | D        | Reached XP level 3. HP: 33/33 MP: 3/3
     8 | D        | Noticed an ogre
    18 | D        | Demolished by an ogre

Illustrated notes

Levels and vault maps discovered:
D:        dungeon_sprint_1 [red_sonja_temple_1, red_sonja_temple_small_1]

Skill      XL: |  1 |
---------------+----+-----
Throwing       | 2 |  2.2
Stealth        | 9 |  9.5
Fighting       | |  2.6
Short Blades   | |  2.7
Dodging        | |  0.8

Action                     || total
---------------------------++-------
  Melee: Dagger            ||    10
   Stab: Sleeping          ||     1
  Dodge: Dodged            ||     3

Table legend: (Time is in decaauts)
 A = Elapsed time spent in this place.
 B = Non-inter-level travel time spent in this place.
 C = Inter-level travel time spent in this place.
 D = Time resting spent in this place.
 E = Time spent auto-exploring this place.
 F = Levels seen in this place.
 G = Mean time per level.
                   A        B        C        D        E       F      G
               +--------+--------+--------+--------+--------+-----+--------+
         Total |     19 |     19 |      0 |      0 |      0 |   1 |   19.0 |
       Dungeon |     19 |     19 |      0 |      0 |      0 |   1 |   19.0 |
               +--------+--------+--------+--------+--------+-----+--------+

Top non-repeatable levels by time:
       D: 19 daAuts
